 Dungeon Crawl Stone Soup version 0.31-a0-851-g7ff8af7976 (webtiles) character file.

Game seed: 8246549591905050200

8 Kurtz the Sneak (level 2, -3/28 HPs)
             Began as a Naga Delver on Oct 8, 2023.
             Was an Initiate of Okawaru.
             Slain by a phantom (4 damage)
             ... on level 5 of the Dungeon.
             The game lasted 00:00:21 (135 turns).

Kurtz the Sneak (Naga Delver)                        Turns: 135, Time: 00:00:21

Health: -3/28      AC:  2    Str: 14    XL:     2   Next: 8%
Magic:  2/2        EV:  9    Int: 10    God:    Okawaru [......]
Gold:   0          SH:  0    Dex: 12    Spells: 1/1 levels left

rFire   . . .        a - +0 hand axe
rCold   . . .        (no shield)
rNeg    . . .        b - +0 leather armour
rPois   +            (no helmet)
rElec   .            (no cloak)
rCorr   .            (no gloves)
SInv    +            (no barding)
Will    .....        (no amulet)
Stlth   +++          (no ring)
HPRegen 0.24/turn    (no ring)
MPRegen 0.08/turn

%: no passive effects
@: very slow
A: AC +0, large, see invisible, deformed body, poison resistance, slowness 2,
spit poison 1, naga tail 1
a: Spit Poison, Renounce Religion


You were on level 5 of the Dungeon.
You worshipped Okawaru.
Okawaru was noncommittal.
You visited 1 branch of the dungeon, and saw 1 of its levels.

Inventory:

Hand Weapons
 a - a +0 hand axe (weapon)
Armour
 b - a +0 leather armour (worn)
Wands
 g - a wand of digging (3)
Scrolls
 c - a scroll of fog
 d - a scroll of revelation
 e - a scroll of fear
Potions
 f - a potion of haste


   Skills:
 - Level 3.0 Fighting
 * Level 2.6 Axes
 - Level 1.5 Dodging
 - Level 7.2 Stealth
 * Level 0.3 Invocations


You had one spell level left.
You didn't know any spells.
Your spell library was empty.

Dungeon Overview and Level Annotations

Branches:
Dungeon (5/15)
 Temple: D:4-7

Altars:
Okawaru


Innate Abilities, Weirdness & Mutations

Your serpentine skin is tough. (AC +0)
You have supernaturally acute eyesight. (SInv)
Armour fits poorly on your strangely shaped body.
Your system is resistant to poisons. (rPois)
You cover ground very slowly.
You can spit poison.
You have a snake-like lower body.


Message History

The phantom completely misses you.
You are too injured to fight recklessly!
You are too injured to fight recklessly!
You are too injured to fight recklessly!
You completely miss the phantom.
The phantom is lightly damaged.
The phantom barely misses you.
You hit the phantom but do no damage.
The phantom is lightly damaged.
The phantom hits you but does no damage.
You hit the phantom but do no damage.
The phantom is lightly damaged.
The phantom misses you.
The phantom hits you but does no damage.
You hit the phantom.
The phantom is moderately damaged.
The phantom barely misses you.
You miss the phantom.
The phantom is moderately damaged.
The phantom barely misses you.
You completely miss the phantom.
The phantom is moderately damaged.
The phantom hits you.
The phantom blinks!
You blink.
A jackal comes into view.
You are too injured to fight recklessly!
The phantom attacks as it pursues you! The phantom hits you.
* * * LOW HITPOINT WARNING * * *
The phantom blinks!
You blink.
The phantom closely misses you.
You are too injured to fight recklessly!
The phantom hits you.
* * * LOW HITPOINT WARNING * * *
The phantom blinks!
You blink.
Found a bubbling emerald potion.
You are too injured to fight recklessly!
You closely miss the phantom.
The phantom is moderately damaged.
The phantom barely misses you.
You closely miss the phantom.
The phantom is moderately damaged.
The phantom hits you.
You die...

.....# #.#.#
#.# .. #.####
..#.#
###.#.#####
#..#####o##.#
#..ยง.......
......... .#
#.#.#.#####
#########
#.#.#.# ...
#.#.# # ###
#.#.#
#.##.#.#
#....@W#
####.#...# ##
.### .. .##
.. .# !#


You could see a phantom.

Vanquished Creatures
  4 orcs (D:5)
4 creatures vanquished.

Notes
Turn   | Place    | Note
-------+----------+-------------------------------------------
     0 | D:5      | Kurtz the Naga Delver began the quest for the Orb.
     0 | D:5      | Reached XP level 1. HP: 21/21 MP: 1/1
    36 | D:5      | HP: 1/21 [orc/+0 club (4)]
    62 | D:5      | Found an iron altar of Okawaru.
    70 | D:5      | Became a worshipper of Warmaster Okawaru
   115 | D:5      | Noticed a phantom
   119 | D:5      | Reached XP level 2. HP: 24/28 MP: 2/2
   133 | D:5      | HP: 1/28 [phantom (4)]
   135 | D:5      | Slain by a phantom

Illustrated notes

Levels and vault maps discovered:
D:5:      lemuel_castle_with_subvaults [lemuel_castle_interior_carwin_1],
          layout_basic, okawaru_metal_pillars_1_2,
          nicolae_overflow_crystal_walls, mainiacjoe_overflow_chevrons,
          chequers_temple_overflow_statue_of_worship,
          minmay_temple_entry_antechambers, uniq_eustachio

Action                     || total
---------------------------++-------
  Melee: Hand axe          ||    32
         Punch             ||     1
 Armour: Leather armour    ||    19
  Dodge: Dodged            ||    19

Table legend: (Time is in decaauts)
 A = Elapsed time spent in this place.
 B = Non-inter-level travel time spent in this place.
 C = Inter-level travel time spent in this place.
 D = Time resting spent in this place.
 E = Time spent auto-exploring this place.
 F = Levels seen in this place.
 G = Mean time per level.
                   A        B        C        D        E       F      G
               +--------+--------+--------+--------+--------+-----+--------+
         Total |    160 |    160 |      0 |     54 |     25 |   1 |  160.0 |
       Dungeon |    160 |    160 |      0 |     54 |     25 |   1 |  160.0 |
               +--------+--------+--------+--------+--------+-----+--------+

Top non-repeatable levels by time:
     D:5: 160 daAuts
